Map: King's Cove LE

Players

PtitDrogo - Winner!

  • Race: Protoss Protoss
  • Spawn Location: 11:00

CmeTanKa

  • Race: Terran Terran
  • Spawn Location: 5:00

Event: 2019 WCS Spring

VOD

Have the link to the VOD?

Description

Time

  • Played on: May 17, 2019, 6:58 a.m.
  • Length: 8:59

All games in this series

Show
View Real Time Build Order
Export as new Build Order

PtitDrogo Protoss - Winner!

Build Orders: 1 Gate Expand, Blink Stalkers 

Get SALT Encoding   

  12  0:00  Probe  
  13  0:12  Probe  
  14  0:17  Pylon  
  14  0:24  Probe  
  15  0:32  Probe  
  15  0:37  Gateway  
  15  0:40  Probe  
  16  0:46  Assimilator  
  17  0:51  Probe  
  18  1:03  Probe  
  19  1:15  Probe  
  20  1:26  Nexus  
  20  1:34  Cybernetics Core  
  20  1:37  Probe  
  21  1:43  Assimilator  
  21  1:49  Probe  
  21  1:53  Pylon  
  22  2:01  Stalker, Probe  
  23  2:10  Warp Gate  
  23  2:13  Probe  
  26  2:25  Probe  
  27  2:31  Stalker  
  27  2:33  Twilight Council  
  27  2:34  Probe x2  
  29  2:42  Probe x2  
  31  2:50  Blink  
  33  2:51  Probe  
  33  2:52  Probe  
  35  3:03  Probe  
  35  3:04  Probe  
  37  3:06  Stalker  
  39  3:16  Probe x2  
  41  3:21  Gateway  
  41  3:27  Gateway  
  41  3:30  Probe x2  
  43  3:37  Robotics Facility  
  43  3:43  Pylon  
  43  3:45  Probe x2  
  43  3:47  Assimilator  
  45  3:57  Probe  
  45  4:01  Probe  
  47  4:07  Nexus  
  47  4:11  Pylon  
  47  4:12  Probe  
  47  4:16  Probe  
  49  4:18  Stalker  
  49  4:19  Observer  
  49  4:21  Stalker  
  53  4:29  Stalker, Probe  
  53  4:31  Probe  
  58  4:38  Observer  
  58  4:39  Pylon  
  58  4:41  Probe  
  58  4:43  Charge, Probe  
  61  4:49  Pylon  
  61  4:53  Probe  
  61  4:57  Probe  
  61  4:58  Stalker x3  
  69  5:05  Probe  
  70  5:08  Immortal  
  70  5:09  Probe  
  71  5:14  Pylon  
  71  5:17  Probe  
  76  5:28  Stalker x3  
  76  5:30  Shield Battery  
  80  5:45  Immortal  
  84  5:52  Observer  
  84  5:54  Stalker x2  
  84  5:57  Gateway x2  
  84  5:59  Gateway  
  84  6:02  Probe x2  
  86  6:05  Gateway  
  86  6:06  Gateway  
  86  6:08  Sentry  
  88  6:12  Probe  
  88  6:16  Probe x2, Pylon  
  88  6:17  Immortal  
  91  6:18  Observer  
  96  6:25  Probe  
  96  6:36  Probe x2  
  96  6:37  Assimilator  
  96  6:39  Assimilator, Probe  
  97  6:48  Pylon, Warp Prism  
  97  6:50  Probe  
  90  6:56  Stalker x5  
  90  6:58  Probe x2  
  104  7:02  Forge  
  104  7:06  Forge  
  104  7:07  Probe  
  105  7:10  Probe x2  
  105  7:12  Dark Shrine  
  106  7:26  Nexus  
  106  7:28  Pylon  
  106  7:29  Probe  
  107  7:30  Probe x2  
  109  7:41  Probe  
  102  7:52  Stalker x8  
  116  8:02  Probe x2  
  118  8:06  Pylon  
  118  8:09  Pylon x2  
  118  8:16  Zealot x3  
  118  8:18  Pylon  
  124  8:20  Pylon  
  124  8:24  Zealot x4  
  132  8:43  Dark Templar x2  
  132  8:44  Zealot x6  
Show
View Real Time Build Order
Export as new Build Order

CmeTanKa Terran 

Build Orders:  

Get SALT Encoding   

  12  0:01  SCV  
  13  0:13  SCV  
  14  0:19  Supply Depot  
  14  0:25  SCV  
  15  0:30  Refinery  
  15  0:40  SCV  
  16  0:46  Barracks  
  16  0:52  SCV  
  17  1:04  SCV  
  18  1:17  SCV  
  20  1:35  Reaper  
  20  1:36  Orbital Command  
  20  1:47  Command Center  
  20  1:58  Factory  
  20  2:02  SCV  
  21  2:10  Barracks Reactor  
  21  2:14  SCV  
  22  2:19  Supply Depot  
  22  2:23  Refinery  
  22  2:26  SCV  
  23  2:34  Barracks  
  23  2:40  SCV  
  24  2:50  Marine x2  
  27  2:52  Factory Tech Lab  
  26  3:01  Starport  
  26  3:02  Orbital Command  
  25  3:08  Marine  
  27  3:16  Siege Tank  
  27  3:17  Marine  
  30  3:22  Barracks Tech Lab  
  30  3:24  SCV  
  31  3:29  SCV  
  32  3:36  SCV  
  32  3:38  Marine  
  32  3:39  Marine  
  32  3:41  SCV, Stimpack  
  36  3:43  Marine  
  37  3:54  SCV, Supply Depot  
  37  3:55  SCV  
  39  3:57  Marine  
  39  4:01  Marine  
  39  4:02  Siege Tank  
  44  4:06  SCV  
  45  4:15  Marine  
  45  4:16  Viking  
  48  4:17  SCV  
  48  4:21  Supply Depot  
  49  4:27  SCV  
  49  4:29  SCV  
  49  4:30  Engineering Bay  
  51  4:35  Marine x2  
  53  4:43  Siege Tank, Marine  
  57  4:46  SCV  
  58  4:52  Marine  
  58  4:53  SCV  
  58  4:57  Supply Depot  
  58  4:58  SCV  
  61  5:04  Terran Infantry Weapons Level 1, Marine  
  62  5:11  SCV x2, Supply Depot, Marine  
  65  5:23  SCV  
  65  5:28  Siege Tank, Marine  
  69  5:32  Barracks  
  69  5:34  Barracks  
  69  5:42  Marauder  
  66  5:56  SCV  
  62  6:06  SCV  
  62  6:08  Barracks Reactor  
  62  6:09  Command Center, Supply Depot  
  63  6:11  Marine  
  63  6:16  Refinery  
  63  6:17  Refinery  
  63  6:18  Medivac  
  65  6:29  Marine  
  66  6:35  SCV, Barracks Tech Lab  
  66  6:36  Barracks Reactor  
  66  6:38  SCV  
  68  6:41  Supply Depot  
  67  6:47  Marine  
  59  6:58  Terran Infantry Armor Level 1  
  59  7:05  Marine  
  59  7:07  Marine x3  
  59  7:08  Medivac x2  
  67  7:09  Concussive Shells  
  67  7:10  Combat Shield  
  66  7:23  Marine  
  66  7:24  SCV x2  
  66  7:27  Marine x2  
  66  7:28  Marine x2  
  73  7:31  Armory  
  73  7:32  Engineering Bay  
  73  7:33  Supply Depot  
  73  7:35  Command Center  
  72  7:38  Marauder, Siege Tank  
  72  7:40  Marine  
  61  7:59  Marauder  
  61  8:01  Marauder, Marine  
  61  8:02  Medivac  
  61  8:03  Medivac  
  70  8:06  SCV  
  70  8:07  SCV  
  70  8:09  Supply Depot  
  70  8:10  Missile Turret  
  72  8:18  SCV, Marine x3  
  72  8:19  Missile Turret  
  76  8:20  Marauder  
  78  8:28  Barracks  
  78  8:34  Marine x2  
  78  8:36  Marine  
Tags
 
Add a new tag
Caveats
  • Supply blocks, unpowered buildings, or Contaminate may cause inaccurate times.
  • Supply counts are checked every 10 seconds.